 Dungeon Crawl Stone Soup version 0.31-a0-848-gaac375c287 (webtiles) character file.

Game seed: 11838988460728061210

17987 rageheart7 the Spear-Bearer (level 12, -2/88 HPs)
             Began as a Demonspawn Monk on Oct 5, 2023.
             Was the Champion of Hepliaklqana.
             Shot with an arrow by Nessos (3 damage)
             ... on level 12 of the Dungeon.
             The game lasted 00:24:58 (11236 turns).

rageheart7 the Spear-Bearer (Demonspawn Monk)      Turns: 11236, Time: 00:24:58

Health: -2/88      AC: 38    Str: 16    XL:     12   Next: 23%
Magic:  12/12      EV:  1    Int: 10    God:    Hepliaklqana [******]
Gold:   925        SH: 17    Dex: 20    Spells: 11/11 levels left

rFire   + . .        d - +2 trident (protect)
rCold   + . .        C - +1 kite shield {reflect}
rNeg    . . .        c - +4 crystal plate armour
rPois   .            (helmet unavailable)
rElec   .            g - +0 cloak
rCorr   .            (no gloves)
SInv    +            l - +1 pair of boots
Will    .....        (no amulet) Stlth
                     G - ring of protection from cold
HPRegen 0.34/turn    q - +4 ring of protection
MPRegen 0.13/turn

%: reflection
@: lethally poisoned (-2 -> -9), about to teleport, under a protective aura
A: reduced essence, antennae 3, large bone plates 2, ignite blood 1, agile 1,
fire resistance 1
a: Renounce Religion, Recall Ancestor, Ancestor Identity, Transference, Idealise


You were on level 12 of the Dungeon.
You worshipped Hepliaklqana.
Hepliaklqana was exalted by your worship.
You visited 1 branch of the dungeon, and saw 12 of its levels.
You also visited: Sewer and Bailey.

You collected 925 gold pieces.

Inventory:

Hand Weapons
 d - a +2 trident of protection (weapon)
 t - a +3 halberd
Missiles
 E - 2 throwing nets
Armour
 c - a +4 crystal plate armour (worn)
 g - a +0 cloak (worn)
 l - a +1 pair of boots (worn)
 C - a +1 kite shield of reflection (worn)
Jewellery
 o - a ring of resist corrosion
 q - a +4 ring of protection (right hand)
 G - a ring of protection from cold (left hand)
Wands
 u - a wand of flame (15)
 w - a wand of light (3)
 B - a wand of charming (4)
Scrolls
 b - 4 scrolls of blinking
 f - a scroll of immolation
 i - 5 scrolls of teleportation
 m - 3 scrolls of enchant weapon
 r - 3 scrolls of noise
 s - a scroll of vulnerability
 v - a scroll of amnesia
 y - a scroll of fear
 A - 2 scrolls of fog
 H - 3 scrolls of identify
Potions
 a - 2 potions of mutation
 e - a potion of might
 h - 2 potions of curing
 j - 3 potions of invisibility
 k - a potion of magic
 n - a potion of enlightenment
 p - 4 potions of attraction
 x - a potion of berserk rage
 z - 2 potions of brilliance
 D - a potion of cancellation
 F - a potion of lignification
 I - 8 potions of ambrosia
 J - a potion of heal wounds


   Skills:
 - Level 10.5 Fighting
 * Level 13.5 Polearms
 + Level 8.7 Armour
 - Level 2.6 Dodging
 + Level 3.5 Shields


You had 11 spell levels left.
You didn't know any spells.
Your spell library contained the following spells:

 Spells                   Type           Power      Damage    Failure   Level
 Summon Small Mammal      Summ           0%         N/A       100%        1
 Call Canine Familiar     Summ           0%         N/A       100%        3
 Ozocubu's Armour         Ice            0%         N/A       100%        3
 Summon Guardian Golem    Hex/Summ       0%         N/A       100%        3
 Animate Dead             Necr           0%         N/A       100%        4
 Iskenderun's Mystic Bla  Conj/Tloc      0%         2d3       100%        4
 Passage of Golubria      Tloc           0%         N/A       100%        4
 Vhi's Electric Charge    Tloc/Air       0%         N/A       100%        4
 Arcjolt                  Conj/Air       0%         1d10      100%        5
 Metabolic Englaciation   Hex/Ice        0%         N/A       100%        5
 Simulacrum               Ice/Necr       0%         N/A       100%        6
 Haunt                    Necr/Summ      0%         N/A       100%        7
 Infestation              Necr           0%         N/A       100%        8
 Maxwell's Capacitive Co  Air            0%         ∞         100%        8


Dungeon Overview and Level Annotations

Branches:
Dungeon (12/15)            Temple (0/1) D:6            Lair (0/5) D:10
    Orc (0/2) D:9           Sewer (visited)          Bailey (visited)

Altars:
Ashenzari
Cheibriados
Dithmenos
Fedhas
Gozag
Hepliaklqana
Kikubaaqudgha
Nemelex Xobeh
Okawaru
Qazlal
Ru
Trog
Vehumet
Wu Jian

Shops:
D:2 =   D:6 =

Portals:
Abyss: D:4

Annotations:
D:12 3 runed translucent doors, Nessos


Innate Abilities, Weirdness & Mutations

Your life essence is reduced to manifest your ancestor. (-10% HP)
You have a pair of large antennae on your head. (SInv)
You are mostly covered in large bone plates. (SH +6)
Your demonic aura sometimes causes spilled blood to erupt in flames.
You are agile. (Dex +4, Str/Int -1)
Your flesh is heat resistant. (rF+)


Message History

The slime creature is heavily wounded.
You feel very sick. You block the slime creature's attack.
Nessos shoots an arrow.
The arrow hits you!! The arrow burns you.
You are lethally poisoned!
You are too injured to fight recklessly!
You feel better.
Nessos shoots an arrow.
The arrow hits you! The arrow burns you. You block the slime creature's attack.
Nessos gestures wildly while chanting.
Nessos blinks!
As you read the scroll of teleportation, it crumbles to dust.
You feel strangely unstable.
Nessos gestures wildly while chanting.
Nessos blinks!
The slime creature hits you but does no damage.
Nessos shoots an arrow.
You block the arrow with your +1 kite shield of reflection... and reflect it back!
The arrow hits Nessos!!
The arrow burns Nessos!
Nessos looks as sick as possible!
You hit the slime creature.
The slime creature is heavily wounded.
Nessos shoots an arrow.
The arrow hits you!
* * * LOW HITPOINT WARNING * * *
The arrow burns you.
* * * LOW HITPOINT WARNING * * *
You block the slime creature's attack.
Nessos shoots an arrow.
The arrow hits you.
* * * LOW HITPOINT WARNING * * *
The arrow burns you.
You are poisoned.
* * * LOW HITPOINT WARNING * * *
You puncture the slime creature!
The slime creature is severely wounded.
You feel sick.
Nessos gestures wildly while chanting.
Nessos blinks!
The slime creature hits you!
* * * LOW HITPOINT WARNING * * *
Nessos pounds the earth with their hooves.
Nessos shoots an arrow.
The arrow hits you.
You die...

#####..###..........### ##..####
.†..<..........##...# #.#####
.†..........#######.### #.......
............# ....# ##......
..#.........## #... .......
..........[..## ..# ..##...
##............####..# #....
#..............#.J.# ......#
#..............#@.# ......#
...........###....# .......
...........# #....# ........
...........# #........ .......#
..........## ##.......####..)...#
........... #)c.^.§.. ........#
...#......... ......... ........
...##.................§. #.......
....[...................##.......


You could see Nessos (fast, extremely poisoned) and a slime creature.

Vanquished Creatures
  A boulder beetle (D:11)
  2 orc knights (Bailey)
  2 ugly things
  A manticore (D:11)
  3 unseen horrors
  2 trolls (D:11)
  A slime creature (D:12)
  A vampire (D:12)
  4 yaks
  2 steam dragons (D:8)
  6 orc warriors
  2 small abominations (D:4)
  A sky beast (D:8)
  An ogre (D:6)
  3 black bears
  The ghost of porpoise the Shooter, an amateur HuHu (D:3)
  9 centaurs
  A kobold brigand (D:9)
  A phantom (D:6)
  4 bullfrogs
  5 wights
  A water moccasin skeleton (D:3)
  11 killer bees (D:11)
  4 jellies
  2 bullfrog skeletons (D:3)
  7 hounds
  5 orc priests
  2 iguanas
  6 orc wizards
  8 gnolls
  7 adders
  2 river rats
  3 white imps
  2 ufetubi (D:5)
  40 orcs
  5 bats
  5 endoplasms
  6 goblins
  4 hobgoblins
  9 kobolds
  2 quokkas
  10 ball pythons
  2 frilled lizards
  11 rats
207 creatures vanquished.

Vanquished Creatures (collateral kills)
  Fannar (D:10)
  A two-headed ogre (D:9)
  Nergalle (D:10)
  2 manticores
  A cyclops (D:12)
  An elephant (D:10)
  A gargoyle (D:10)
  A queen bee (D:11)
  Grinder (D:6)
  A hornet (D:9)
  The ghost of ratmeat3 the Insei, an amateur OpFi (D:4)
  A wraith (D:9)
  6 yaks
  A steam dragon (D:9)
  An acid dragon (D:10)
  A small abomination (D:4)
  An ice beast (D:7)
  3 sky beasts
  2 black bears
  6 orc warriors
  An ogre (D:5)
  A phantom (D:6)
  A centaur (D:7)
  2 kobold brigands
  3 bullfrogs
  2 scorpions
  A gnoll sergeant (D:9)
  2 wights
  12 killer bees (D:11)
  A water moccasin skeleton (D:3)
  2 howler monkeys (D:11)
  A hound (D:6)
  4 orc priests
  A gnoll bouda (D:7)
  6 orc wizards
  11 adders
  9 gnolls
  A river rat (Sewer)
  2 white imps
  An ufetubus (D:6)
  A dart slug (D:2)
  35 orcs
  2 endoplasms
  6 giant cockroaches
  3 goblins
  3 hobgoblins
  4 jackals (D:3)
  2 quokkas (D:3)
  9 ball pythons
  3 frilled lizards
  12 kobolds
  15 rats
193 creatures vanquished.

Vanquished Creatures (others)
  A wight (D:8)
  An orc wizard (D:9)
  7 battlemagi
9 creatures vanquished.

Grand Total: 409 creatures vanquished

Notes
Turn   | Place    | Note
-------+----------+-------------------------------------------
     0 | D:1      | rageheart7 the Demonspawn Monk began the quest for the Orb.
     0 | D:1      | Reached XP level 1. HP: 18/18 MP: 1/1
   205 | D:1      | Reached skill level 3 in Polearms
   224 | D:1      | Gained mutation: You have a pair of small antennae on your
                  | head. [demonic ancestry]
   224 | D:1      | Reached XP level 2. HP: 24/24 MP: 2/2
   527 | D:1      | Found a faded altar of an unknown god.
   568 | D:1      | Prayed at the altar of an unknown god.
   568 | D:1      | Became a worshipper of Hepliaklqana the Forgotten
   568 | D:1      | Reached * piety under Hepliaklqana
   568 | D:1      | Reached ** piety under Hepliaklqana
   569 | D:1      | Remembered your ancestor Synnove as a battlemage
   641 | D:2      | Reached XP level 3. HP: 25/27 MP: 3/3
   853 | D:2      | Reached XP level 4. HP: 27/33 MP: 4/4
   898 | D:2      | Reached *** piety under Hepliaklqana
  1077 | D:2      | Found Forchuix's Jewellery Shop.
  1420 | D:3      | Reached skill level 4 in Polearms
  1423 | D:3      | Gained mutation: You have a pair of antennae on your head.
                  | [demonic ancestry]
  1423 | D:3      | Reached XP level 5. HP: 8/38 MP: 5/5
  1438 | D:3      | Reached skill level 5 in Fighting
  1582 | D:3      | Found a runed translucent gate.
  1589 | D:3      | Reached XP level 6. HP: 45/45 MP: 6/6
  1917 | D:3      | Reached skill level 5 in Polearms
  1947 | D:3      | Reached **** piety under Hepliaklqana
  2025 | D:3      | Found a runed translucent gate.
  2025 | D:3      | Found a runed translucent gate.
  2033 | D:3      | Noticed porpoise's ghost (amateur HuHu)
  2176 | D:3      | Killed porpoise's ghost
  2180 | D:3      | Gained mutation: Your demonic aura sometimes causes spilled
                  | blood to erupt in flames. [demonic ancestry]
  2180 | D:3      | Reached XP level 7. HP: 52/52 MP: 7/7
  2433 | D:4      | Found a transporter.
  2665 | D:4      | Found a transporter.
  2696 | D:4      | Reached skill level 6 in Polearms
  2735 | D:4      | Found a one-way gate to the infinite horrors of the Abyss.
  2735 | D:4      | Noticed ratmeat3's ghost (amateur OpFi)
  2735 | D:4      | Noticed a small abomination
  2809 | D:4      | Reached skill level 1 in Armour
  3159 | D:4      | HP: 2/53 [small abomination (4)]
  3160 | D:4      | Gained mutation: You are partially covered in large bone
                  | plates. (SH +4) [demonic ancestry]
  3160 | D:4      | Reached XP level 8. HP: 2/60 MP: 8/8
  3378 | D:4      | Got Lugonu's Quarto of the Vector
  3391 | D:4      | Killed ratmeat3's ghost
  3394 | D:4      | Reached skill level 7 in Polearms
  3480 | D:5      | Entered Level 5 of the Dungeon
  4324 | D:6      | Noticed Grinder
  4333 | D:6      | Killed Grinder
  4334 | D:6      | Reached XP level 9. HP: 40/67 MP: 9/9
  4371 | D:6      | Reached ***** piety under Hepliaklqana
  4386 | D:6      | Found a glowing drain.
  4396 | Sewer    | Entered a sewer
  4563 | Sewer    | Reached skill level 8 in Polearms
  4990 | D:6      | Found a shadowy altar of Dithmenos.
  4990 | D:6      | Found an iron altar of Okawaru.
  4992 | D:6      | Found a radiant altar of Vehumet.
  4992 | D:6      | Found an ornate altar of the Wu Jian Council.
  4994 | D:6      | Found a blossoming altar of Fedhas.
  4994 | D:6      | Found a bloodstained altar of Trog.
  4995 | D:6      | Found a sparkling altar of Nemelex Xobeh.
  5004 | D:6      | Found a stormy altar of Qazlal.
  5094 | D:6      | Noticed a manticore
  5115 | D:6      | Killed a manticore
  5248 | D:6      | Reached skill level 9 in Polearms
  5332 | D:6      | Found Ejegucs's Jewellery Boutique.
  5522 | D:6      | Found a staircase to the Ecumenical Temple.
  5736 | D:7      | Reached XP level 10. HP: 39/76 MP: 10/10
  5738 | D:7      | Found a flagged portal.
  5749 | Bailey   | Entered a bailey
  5761 | Bailey   | Reached skill level 10 in Fighting
  5936 | Bailey   | Noticed an orc knight
  5946 | Bailey   | Killed an orc knight
  5947 | Bailey   | Reached skill level 5 in Armour
  6220 | Bailey   | Noticed an orc knight
  6227 | Bailey   | Killed an orc knight
  7048 | D:7      | Reached skill level 10 in Polearms
  7123 | D:7      | Found an opulent altar of Gozag.
  7432 | D:8      | Found a snail-covered altar of Cheibriados.
  7466 | D:8      | Found a sacrificial altar of Ru.
  7913 | D:8      | Found an ancient bone altar of Kikubaaqudgha.
  8365 | D:9      | Found a broken altar of Ashenzari.
  8369 | D:9      | Saw a vision of the Shoals and the Snake Pit.
  8369 | D:9      | Noticed a manticore
  8369 | D:9      | Noticed a naga mage
  8369 | D:9      | Noticed a mana viper
  8369 | D:9      | Noticed a sea snake
  8369 | D:9      | Noticed a naga mage
  8369 | D:9      | Noticed a black mamba
  8369 | D:9      | Noticed a skyshark
  8369 | D:9      | Noticed a manticore
  8369 | D:9      | Noticed a naga mage
  8370 | D:9      | Noticed a naga warrior
  8371 | D:9      | Noticed a merfolk impaler
  8371 | D:9      | Noticed a water nymph
  8404 | D:9      | Identified the +4 rapier "Jimneis" {flame, rF++}
  8410 | D:9      | Reached skill level 11 in Polearms
  8412 | D:9      | Noticed a two-headed ogre
  8420 | D:9      | Killed a two-headed ogre
  8421 | D:9      | Gained mutation: You are mostly covered in large bone
                  | plates. (SH +6) [demonic ancestry]
  8421 | D:9      | Reached XP level 11. HP: 78/82 MP: 11/11
  8451 | D:9      | Gained mutation: Your flesh is heat resistant. (rF+)
                  | [potion of mutation]
  8451 | D:9      | Gained mutation: You are agile. (Dex +4, Str/Int -1)
                  | [potion of mutation]
  8451 | D:9      | Gained mutation: You have a pair of large antennae on your
                  | head. (SInv) [potion of mutation]
  8543 | D:9      | Found a staircase to the Orcish Mines.
  8859 | D:10     | Entered Level 10 of the Dungeon
  9054 | D:10     | Noticed Fannar
  9063 | D:10     | Killed Fannar
  9112 | D:10     | Reached ****** piety under Hepliaklqana
  9297 | D:10     | Found a staircase to the Lair.
  9406 | D:10     | Noticed Nergalle
  9419 | D:10     | Killed Nergalle
  9420 | D:10     | Reached skill level 12 in Polearms
 10006 | D:11     | Reached skill level 1 in Shields
 10192 | D:11     | Noticed a red ugly thing
 10204 | D:11     | Killed a red ugly thing
 10315 | D:11     | Reached skill level 13 in Polearms
 10364 | D:11     | Reached XP level 12. HP: 88/88 MP: 12/12
 10594 | D:11     | Noticed a boulder beetle
 10621 | D:11     | Killed a boulder beetle
 11035 | D:12     | Found a runed translucent gate.
 11035 | D:12     | Found a runed translucent gate.
 11035 | D:12     | Found a runed translucent gate.
 11225 | D:12     | Noticed Nessos
 11236 | D:12     | HP: 1/88 [slime creature (14)]
 11236 | D:12     | Shot with an arrow by Nessos

Illustrated notes

Levels and vault maps discovered:
D:1:      spicycebolla_arrival_risky_transporter, layout_rooms,
          dreamdust_ecumenical_altar_angels_and_demons
D:2:      layout_loops_ring, serial_shops, nicolae_shop_pleasant_corner_grove
D:3:      layout_loops_ring, gammafunk_ghost_necromancy,
          minmay_fractal_squares_5
D:4:      layout_cave_pods, gammafunk_ghost_abyssal_escape,
          kennysheep_generic_room_14
D:5:      layout_loops_ring
D:6:      layout_basic, grunt_qazlal_clouds, mainiacjoe_overflow_24_doors,
          grunt_temple_overflow_open, minmay_temple_entry_fiery, serial_shops,
          shop_coins, portal_sewer_entry_e, minmay_fractal_squares_gapless_5,
          uniq_grinder
D:7:      layout_basic, lemuel_coloured_pillars_altar, enter_bailey_2,
          serial_aquarium, aquarium_bridge_long_joined
          [aquarium_subvault_balcony, aquarium_subvault_bridge,
          aquarium_subvault_window, aquarium_subvault_wall,
          aquarium_subvault_bridge, aquarium_subvault_bridge],
          aquarium_window_1, aquarium_window_fake, aquarium_window_1,
          aquarium_window_2, aquarium_view_2a, aquarium_pool_2
D:8:      layout_loops_cross, kiku_gazebo_garden_becter,
          mainiacjoe_overflow_surrounded_room, mainiacjoe_overflow_chevrons
D:9:      layout_roguey, grunt_ashenzari_visionary
          [grunt_ashenzari_visionary_shoals, grunt_ashenzari_visionary_snake],
          david_orc_4, minmay_hedge_maze
D:10:     layout_long_grid, david_lair_generic, uniq_fannar, uniq_nergalle
D:11:     layout_roguey [special_room_bee]
D:12:     layout_cave_pools, gammafunk_ghost_cemetery, uniq_nessos

Skill      XL: |  1  2  3  4  5  6  7  8  9 10 11 12 |
---------------+-------------------------------------+-----
Polearms       | 3 4 5 6 7 9 11 13 | 13.5
Fighting       | 4 5 6 7 8 9 10 | 10.5
Armour         | 1 3 4 6 8 |  8.7
Shields        | 2 3 |  3.5
Dodging        | |  2.6

Action                     |  1- 3 |  4- 6 |  7- 9 | 10-12 || total
---------------------------+-------+-------+-------+-------++-------
  Melee: Spear             |    55 |    18 |       |       ||    73
         Dagger            |       |    47 |       |       ||    47
         Trident           |       |    33 |   244 |   515 ||   792
 Invoke: Ancestor Life: Ba |     1 |       |       |       ||     1
         Recall Ancestor   |       |       |     2 |       ||     2
  Evoke: Wand              |       |       |       |    21 ||    21
    Use: Scroll            |       |     1 |    18 |     9 ||    28
         Potion            |       |     2 |     3 |     7 ||    12
   Stab: Distracted        |       |     1 |     4 |     7 ||    12
         Invisible         |       |       |       |     1 ||     1
 Armour: Robe              |    10 |     1 |       |       ||    11
         Ring mail         |       |    54 |   112 |    17 ||   183
         Crystal plate arm |       |       |       |   311 ||   311
         Skin              |       |       |       |    18 ||    18
  Dodge: Dodged            |    23 |    47 |    77 |    16 ||   163
  Block: Orb               |       |       |    13 |     3 ||    16
         Kite shield       |       |       |       |   241 ||   241
         Reflection        |       |       |       |    28 ||    28

Table legend: (Time is in decaauts)
 A = Elapsed time spent in this place.
 B = Non-inter-level travel time spent in this place.
 C = Inter-level travel time spent in this place.
 D = Time resting spent in this place.
 E = Time spent auto-exploring this place.
 F = Levels seen in this place.
 G = Mean time per level.
                   A        B        C        D        E       F      G
               +--------+--------+--------+--------+--------+-----+--------+
         Total |  11201 |  10706 |    495 |     89 |   8361 |  14 |  800.1 |
       Dungeon |  10275 |   9780 |    495 |     13 |   7811 |  12 |  856.2 |
         Sewer |    281 |    281 |      0 |      0 |    185 |   1 |  281.0 |
        Bailey |    644 |    644 |      0 |     76 |    364 |   1 |  644.0 |
               +--------+--------+--------+--------+--------+-----+--------+

Top non-repeatable levels by time:
     D:4: 1230 daAuts
     D:6: 1126 daAuts
    D:10: 1084 daAuts
     D:7: 1044 daAuts
    D:11: 886 daAuts
     D:3: 845 daAuts
     D:8: 809 daAuts
     D:5: 790 daAuts
     D:2: 768 daAuts
     D:9: 687 daAuts
  Bailey: 644 daAuts
     D:1: 633 daAuts
    D:12: 368 daAuts
   Sewer: 281 daAuts
